 Seeded DCSS version 0.31-a0-37-g98a128e (webtiles) character file.

Game seed: 4216603350495816254 (custom seed)

242 brinewave the Insei (level 6, -3/52 HPs)
             Began as a Naga Transmuter on May 14, 2023.
             Slain by an orc warrior
             ... wielding a +0 trident
              (9 damage)
             ... on level 4 of the Dungeon on May 15, 2023.
             The game lasted 00:15:09 (3719 turns).

brinewave the Insei (Naga Transmuter)               Turns: 3719, Time: 00:15:09

Health: -3/52      AC:  4    Str: 12    XL:     6   Next: 9%
Magic:  10/10      EV:  9    Int: 15    God:
Gold:   199        SH:  4    Dex: 12    Spells: 9/10 levels left

rFire   . .          .
                       - Unarmed
rCold   . . .        c - +0 buckler
rNeg    . . .        a - +0 robe
rPois   +            (no helmet)
rElec   .            (no cloak)
rCorr   .            h - +0 pair of gloves
SInv    +            (no barding)
Will    .....        (no amulet)
Stlth   ++           (no ring)
HPRegen 0.28/turn    (no ring)
MPRegen 0.12/turn

%: no passive effects
@: very slow
A: AC +2, large, see invisible, deformed body, poison resistance, slowness 2,
spit poison 1, naga tail 1
a: Spit Poison


You were on level 4 of the Dungeon.
You visited 1 branch of the dungeon, and saw 4 of its levels.

You collected 199 gold pieces.

Inventory:

Hand Weapons
 k - a +1 dagger of speed
Missiles
 e - 46 stones
 o - 2 poisoned darts
Armour
 a - a +0 robe (worn)
 c - a +0 buckler (worn)
 h - a +0 pair of gloves (worn)
Wands
 j - a wand of roots (8)
Scrolls
 d - a scroll of poison {unknown}
 f - 2 scrolls of acquirement {unknown}
 i - a scroll of fog {unknown}
 n - a scroll of vulnerability {unknown}
 p - a scroll of identify {unknown}
 q - a scroll of enchant weapon {unknown}
 s - a scroll of fear {unknown}
 t - a scroll of noise {unknown}
 u - a scroll of immolation {unknown}
 v - a scroll of brand weapon {unknown}
 w - a scroll of enchant armour {unknown}
Potions
 b - a potion of lignification
 g - a potion of brilliance {unknown}
 l - 2 potions of heal wounds {unknown}
 m - a potion of cancellation {unknown}
 r - a potion of mutation {unknown}


   Skills:
 + Level 2.2 Fighting
 - Level 1.5 Dodging
 + Level 3.6 Stealth
 + Level 1.7 Shields
 + Level 3.9 Unarmed Combat
 + Level 2.9 Spellcasting
 + Level 3.0 Transmutations


You had 9 spell levels left.
You knew the following spells:

 Your Spells              Type           Power      Damage    Failure   Level
a - Beastly Appendage     Tmut           22%        N/A       9%          1

Your spell library contained the following spells:

 Spells                   Type           Power      Damage    Failure   Level
 Wereblood                Tmut           11%        N/A       12%         2
 Spider Form              Tmut/Pois      6%         N/A       41%         3
 Call Canine Familiar     Summ           2%         N/A       65%         3
 Portal Projectile        Hex/Tloc       4%         N/A       65%         3
 Ice Form                 Ice/Tmut       6%         N/A       83%         4
 Cause Fear               Hex            1%         N/A       96%         4
 Leda's Liquefaction      Hex/Erth       1%         N/A       96%         4
 Dragon Form              Tmut           5%         N/A       100%        7
 Dragon's Call            Summ           1%         N/A       100%        9


Dungeon Overview and Level Annotations

Branches:
Dungeon (4/15)
 Temple: D:4-7

Altars:
Ashenzari

Annotations:
D:4 2 runed translucent doors


Innate Abilities, Weirdness & Mutations

Your serpentine skin is tough. (AC +2)
You have supernaturally acute eyesight. (SInv)
Armour fits poorly on your strangely shaped body.
Your system is resistant to poisons. (rPois)
You cover ground very slowly.
You can spit poison.
You have a snake-like lower body.


Message History

An orc priest comes into view. It is wielding a +0 hand axe.
You start resting.
An orc comes into view. It is wielding a +0 hand axe.
You start resting.
An orc warrior comes into view. It is wielding a +0 trident.
The orc warrior shouts!
An orc priest comes into view. It is wielding a +0 dagger.
The orc shouts!
You hear a shout!
The orc priest moves out of view.
You hear a shout!
An orc wizard comes into view. It is wielding a +0 dagger.
The orc wizard shouts!
The orc priest invokes the aid of Beogh against you.
Pain shoots through your body!
The orc warrior hits you from afar with a +0 trident!
The orc hits you with a +0 hand axe.
The orc wizard moves out of view.
The orc priest shouts!
The orc completely misses you. The orc hits you but does no damage.
The orc warrior hits you from afar with a +0 trident.
The orc attacks as you move away! The orc hits you with a +0 hand axe.
The orc priest looks braver for a moment.
The orc hits you with a +0 hand axe.
* * * LOW HITPOINT WARNING * * *
The orc warrior hits you from afar with a +0 trident!
* * * LOW HITPOINT WARNING * * *
Okay, then.
Okay, then.
Okay, then.
Aiming: Spit Poison (1% risk of failure)
Press: ? - help, Shift-Dir - straight line, f - orc warrior
Aim: an orc warrior, wielding a +0 trident and wearing a +0 plate armour (59% to hit)
The splash of poison hits the orc warrior.
The orc warrior is poisoned.
The orc warrior is lightly wounded.
The orc warrior barely misses you.
You have got your breath back.
The orc priest begins to cast a cantrip, but forgets the words!
The orc warrior barely misses you.
The orc warrior hits you from afar with a +0 trident!
You die...

#####...# ##....>..########
##############...†............
................###...########
..#############.# ###.##
........##......# #..### ##
.#.........###### ##...# ##..
........################.####....
##.........>....@.ooo###.#....#..
........#####..#####o............
####.#.### ##.# #.....##..##.. #
#.#.).### #.#####o###..##...## .
##.###)..###.......###..####.#.
..#..........###.#...o.o..# #...
#..........##..######.o.# ##.##
#............#..## ##o.# #..##
##.............## #..###..##


You could see an orc warrior (poisoned), an orc priest, an orc wizard and an
orc.

Vanquished Creatures
  A jelly (D:2)
  A hound (D:4)
  2 iguanas (D:4)
  An orc wizard (D:4)
  3 adders
  An ufetubus (D:4)
  5 orcs
  11 endoplasms
  4 giant cockroaches
  6 goblins
  4 hobgoblins
  2 jackals (D:1)
  5 kobolds
  5 quokkas
  6 ball pythons
  4 bats
  7 rats
68 creatures vanquished.

Notes
Turn   | Place    | Note
-------+----------+-------------------------------------------
     0 | D:1      | brinewave the Naga Transmuter began the quest for the Orb.
     0 | D:1      | Reached XP level 1. HP: 18/18 MP: 3/3
   237 | D:1      | Reached XP level 2. HP: 18/25 MP: 3/5
   285 | D:1      | Reached skill level 1 in Stealth
  1071 | D:1      | Reached XP level 3. HP: 25/31 MP: 6/6
  1334 | D:2      | Found a faded altar of an unknown god.
  1576 | D:2      | Reached skill level 1 in Shields
  1576 | D:2      | Reached XP level 4. HP: 14/38 MP: 5/7
  2837 | D:4      | Found a large runed translucent door.
  2838 | D:4      | Found a large runed translucent door.
  2875 | D:4      | Reached XP level 5. HP: 29/45 MP: 6/8
  2980 | D:4      | Found a broken altar of Ashenzari.
  3646 | D:4      | Reached XP level 6. HP: 37/52 MP: 10/10
  3690 | D:4      | Noticed an orc warrior
  3719 | D:4      | Slain by an orc warrior

Illustrated notes

Levels and vault maps discovered:
D:1:      tarquinn_simple_flora_water_b, layout_basic
D:2:      cheibrodos_old_hovel, layout_basic, ebering_ecumenical_altar_webs,
          serial_forest, infiniplex_forest_straight_3, infiniplex_forest_3_way,
          infiniplex_forest_clump_medium, infiniplex_forest_lined_3,
          infiniplex_forest_lined_2
D:3:      layout_basic, minmay_misc_feat_iff
D:4:      layout_rooms, mainiacjoe_overflow_catwalk,
          mainiacjoe_overflow_concentric_impassable, jmf_multi_god_temple2

Skill      XL: |  1  2  3  4  5 |
---------------+----------------+-----
Stealth        | 1 2 3 |  3.6
Shields        | 1 |  1.7
Fighting       | 2 |  2.2
Transmutations | 3 |  3.0
Dodging        | |  1.5
Unarmed Combat | |  3.9
Spellcasting   | |  2.9

Action                     |  1- 3 |  4- 6 || total
---------------------------+-------+-------++-------
  Melee: Unarmed           |    92 |   113 ||   205
         Headbutt          |     7 |     6 ||    13
   Cast: Beastly Appendage |    18 |     9 ||    27
Ability: Spit Poison       |    20 |    19 ||    39
    Use: Scroll            |       |     2 ||     2
   Stab: Sleeping          |     1 |     2 ||     3
 Armour: Robe              |    25 |    27 ||    52
  Dodge: Dodged            |    50 |    55 ||   105
  Block: Buckler           |     7 |    19 ||    26

Table legend: (Time is in decaauts)
 A = Elapsed time spent in this place.
 B = Non-inter-level travel time spent in this place.
 C = Inter-level travel time spent in this place.
 D = Time resting spent in this place.
 E = Time spent auto-exploring this place.
 F = Levels seen in this place.
 G = Mean time per level.
                   A        B        C        D        E       F      G
               +--------+--------+--------+--------+--------+-----+--------+
         Total |   4650 |   4535 |    115 |    464 |   3139 |   4 | 1162.5 |
       Dungeon |   4650 |   4535 |    115 |    464 |   3139 |   4 | 1162.5 |
               +--------+--------+--------+--------+--------+-----+--------+

Top non-repeatable levels by time:
     D:1: 1379 daAuts
     D:3: 1227 daAuts
     D:4: 1048 daAuts
     D:2: 994 daAuts
